 Dungeon Crawl Stone Soup version bcrawl-1.21.2-28-g2cb1824106 (webtiles) character file.

Game seed: 8609615074722180441

15140 Banto the Carver (level 11, -4/86 HPs)
             Began as a Demigod Wanderer on Mar 4, 2020.
             Slain by a phantasmal warrior (14 damage)
             ... led by a death knight
             ... on level 11 of the Dungeon.
             The game lasted 00:20:30 (13094 turns).

Banto the Carver (Demigod Wanderer)                Turns: 13094, Time: 00:20:30

Health: -4/86      AC: 11    Str: 19    XL:     11   Next: 97%
Magic:  25/25      EV: 11    Int: 18    God:    Demigod [*****.]
Gold:   724        SH:  0    Dex: 21    Spells: 10/10 levels left

rFire    + . .     SeeInvis .   w - +9 dagger "Noer Gast" {elec, MR+ Dex+2}
rCold    . . .     Gourm    .   (no shield)
rNeg     . . .     Faith    .   E - +0 troll leather armour
rPois    .         Spirit   .   g - +2 hat
rElec    +         Reflect  .   o - +2 cloak {MR+}
rCorr    .         Harm     .   x - +0 pair of gloves
MR       +....                  (no boots)
Stlth    ++........             u - amulet of the acrobat
HPRegen  0.64/turn              q - ring of protection from fire
MPRegen  0.19/turn              f - ring of flight

@: about to teleport, vulnerable
A: horns 1, clever 1, high mp 1, electricity resistance
a: Temporal Distortion, Growth, Major Destruction, Heroism, Divine Shield, Evoke
Flight


You were on level 11 of the Dungeon.
You worshipped Demigod.
Demigod was extremely pleased with you.
You were not hungry.

You visited 1 branch of the dungeon, and saw 11 of its levels.

You collected 724 gold pieces.

Inventory:

Hand Weapons
 w - the +9 dagger "Noer Gast" (weapon) {elec, MR+ Dex+2}
   (You found it on level 5 of the Dungeon)

   Occasionally, upon striking a foe, it will discharge some electrical energy
   and cause terrible harm.
   It affects your dexterity (+2).
   It affects your resistance to hostile enchantments.
 C - a +3 scimitar
Missiles
 a - a throwing net (quivered) {!f}
Armour
 g - a +2 hat (worn)
 o - a +2 cloak of magic resistance (worn)
 x - a +0 pair of gloves (worn)
 E - a +0 troll leather armour (worn)
Jewellery
 f - a ring of flight (right hand)
 q - a ring of protection from fire (left hand)
 u - an amulet of the acrobat (around neck)
Wands
 d - a wand of polymorph (3)
 D - a wand of acid (3)
Scrolls
 b - 6 scrolls of teleportation
 c - 3 scrolls of enchant armour
 i - 2 scrolls of fear
 j - 7 scrolls of remove curse
 n - a scroll of fog
 r - 5 scrolls of enchant weapon
 y - 4 scrolls of magic mapping
 A - a scroll of blinking
 B - 2 scrolls of identify
 G - a scroll of amnesia
Potions
 h - 3 potions of curing
 k - 3 potions of heal wounds
 l - 3 potions of lignification
 m - 2 potions of haste
 p - 2 potions of mutation
 s - 2 potions of invisibility
 t - a potion of cancellation
 z - 2 potions of berserk rage
Comestibles
 e - 9 rations {!d}
 I - 3 chunks of flesh


   Skills:
 - Level 5.0 Fighting
 + Level 13.4 Long Blades
   Level 1.0 Maces & Flails
 - Level 5.0 Armour
 - Level 3.0 Stealth
 + Level 13.2 Invocations


You had 10 spell levels left.
You didn't know any spells.
Your spell library contained the following spells:

 Spells                   Type           Power        Failure   Level  Hunger
 Beastly Appendage        Tmut           #.....       26%         1    ##.....
 Corona                   Hex            #......      26%         1    ##.....
 Sandblast                Erth           #.....       26%         1    ##.....
 Ensorcelled Hibernation  Hex/Ice        #.....       36%         2    ###....
 Passwall                 Tmut/Erth      #.......     36%         2    ###....
 Poisonous Vapours        Pois/Air       #.....       36%         2    ###....
 Sticks to Snakes         Tmut           #.......     36%         2    ###....
 Confuse                  Hex            #.......     58%         3    ####...
 Conjure Flame            Conj/Fire      #.......     58%         3    ####...
 Dazzling Spray           Conj/Hex       #.....       58%         3    ####...
 Mephitic Cloud           Conj/Pois/Air  #.......     58%         3    ####...
 Spider Form              Tmut/Pois      #..          58%         3    ####...
 Stone Arrow              Conj/Erth      #.....       58%         3    ####...
 Tukima's Dance           Hex            #.......     58%         3    ####...
 Ice Form                 Ice/Tmut       #.......     94%         4    #####..
 Petrify                  Tmut/Erth      #.......     94%         4    #####..
 Blade Hands              Tmut           #.........   100%        5    ######.
 Lee's Rapid Deconstruct  Erth           #.........   100%        5    ######.
 Freezing Cloud           Ice/Air        #.........   100%        6    #######
 Steam Barrier            Chrm/Fire      #.........   100%        6    #######


Dungeon Overview and Level Annotations

Branches:
Dungeon (11/12)            Temple (0/1) D:6            Lair (0/6) D:8
    Orc (0/1) D:10
 Vaults: D:11-12

Shops:
D:4 =   D:5 :

Annotations:
D:8 exclusion: obsidian statue


Innate Abilities, Weirdness & Mutations

You have an increased reservoir of magic. (+10% MP)
You have a pair of small horns on your head.
Your mind is acute. (Int +2)
You are resistant to electric shocks. (rElec)


Message History

The phantasmal warrior hits you but does no damage.
You closely miss the phantasmal warrior.
The skeletal warrior barely misses you.
You hit the phantasmal warrior but do no damage.
Lightning courses through the phantasmal warrior!
You headbutt the phantasmal warrior, but do no damage.
The phantasmal warrior is moderately damaged.
The phantasmal warrior hits you.
Your magical defenses are stripped away!
You closely miss the phantasmal warrior.
You headbutt the phantasmal warrior, but do no damage.
The phantasmal warrior is lightly damaged.
The skeletal warrior hits you with a +0 hand axe!
* * * LOW HITPOINT WARNING * * *
You hit the phantasmal warrior.
Lightning courses through the phantasmal warrior!
The phantasmal warrior is heavily damaged.
The phantasmal warrior hits you!
You die...
Your divinity fades.

#.# #.# #.#
#.# #.# #.#
#.# #.# #.#
#.# #.# #.# #.
#.# #.# #.#
##..W###.###.#
#.#
.'..zz.Wz...>#
#.#
##..z###z#####
#.# ## #@# #.#
#W# #.# #.#
#.# #.# #.#
#.# #.# #.#
#.# #.# #.#
#.# #.# #.#
#.#


You could see 2 skeletal warriors, a phantasmal warrior and a wraith.

Vanquished Creatures
  A catoblepas (D:10)
  A two-headed ogre (D:8)
  A centaur warrior (D:10)
  Pikel (D:7)
  4 manticores (D:10)
  3 ugly things
  A centaur zombie (D:9)
  3 trolls
  3 hippogriffs
  Sigmund (D:2)
  A centaur simulacrum (D:11)
  2 shadows (D:10)
  6 yaks (D:8)
  Eustachio (D:5)
  4 hungry ghosts
  3 wargs (D:8)
  2 water moccasins
  8 orc warriors
  3 ice beasts
  4 sky beasts
  3 ogres
  3 centaurs
  10 bullfrogs
  3 big kobolds
  3 scorpions
  5 killer bees
  13 wights
  2 howler monkeys
  2 electric eels (D:8)
  3 crimson imps
  A bullfrog zombie (D:6)
  3 centaur skeletons
  5 jellies
  Crazy Yiuf (D:3)
  6 orc priests
  3 bullfrog skeletons
  2 hounds
  Ijyb (D:3)
  Terence (D:3)
  2 iguanas (D:4)
  15 orc wizards
  6 worker ants
  A hound zombie (D:6)
  Robin (D:2)
  A worker ant zombie (D:7)
  8 adders
  3 river rats (D:3)
  3 shadow imps
  An ooze (D:3)
  2 adder zombies (D:8)
  3 adder skeletons
  7 worms
  10 dart slugs
  8 leopard geckos
  55 orcs
  A ball python (D:2)
  2 giant cockroaches (D:2)
  13 goblins
  7 hobgoblins
  32 jackals
  2 quokkas
  5 bats
  A frilled lizard (D:2)
  15 kobolds
  8 rats
335 creatures vanquished.

Notes
Turn   | Place    | Note
-------+----------+-------------------------------------------
     0 | D:1      | Banto the Demigod Wanderer began the quest for the Orb.
     0 | D:1      | Banto set off with the following items: a +2 falchion, 2
                  | scrolls of teleportation, a +0 robe, a +0 dagger, a ration
                  | {!d}
     0 | D:1      | Reached XP level 1. HP: 19/19 MP: 3/3
   150 | D:1      | Reached XP level 2. HP: 17/27 MP: 4/4
   564 | D:1      | Reached skill level 1 in Armour
   875 | D:1      | Reached XP level 3. HP: 33/33 MP: 5/5
  1112 | D:2      | Noticed Robin
  1141 | D:2      | Reached * piety under Demigod
  1171 | D:2      | HP: 1/33 [goblin/+0 club[Robin] (2)]
  1188 | D:2      | HP: 1/33 [giant cockroach (2)]
  1518 | D:2      | Killed Robin
  1676 | D:2      | Gained mutation: You are dopey. (Int -2) [potion of
                  | mutation]
  1676 | D:2      | Gained mutation: You have large cloven feet. [potion of
                  | mutation]
  1676 | D:2      | Gained mutation: Your body sometimes deteriorates upon
                  | taking damage. [potion of mutation]
  1676 | D:2      | Gained mutation: You have a pair of small antennae on your
                  | head. [potion of mutation]
  1725 | D:2      | Reached XP level 4. HP: 36/40 MP: 6/6
  1735 | D:2      | Noticed Sigmund
  1746 | D:2      | Killed Sigmund
  1746 | D:2      | Reached XP level 5. HP: 17/47 MP: 7/7
  2412 | D:3      | Noticed Terence
  2432 | D:3      | Reached ** piety under Demigod
  2442 | D:3      | Reached XP level 6. HP: 25/55 MP: 8/8
  2450 | D:3      | Killed Terence
  2619 | D:3      | Reached skill level 5 in Fighting
  2741 | D:3      | Found a burning altar of Makhleb.
  2741 | D:3      | Found a stormy altar of Qazlal.
  2813 | D:3      | Noticed Ijyb
  3473 | D:3      | Lost mutation: You have a pair of small antennae on your
                  | head. [potion of mutation]
  3473 | D:3      | Lost mutation: You have large cloven feet. [potion of
                  | mutation]
  3473 | D:3      | Lost mutation: You are dopey. (Int -2) [potion of mutation]
  3473 | D:3      | Gained mutation: You have large cloven feet. [potion of
                  | mutation]
  3473 | D:3      | Gained mutation: You are dopey. (Int -2) [potion of
                  | mutation]
  3473 | D:3      | Gained mutation: You are partially covered in icy blue
                  | scales. (AC +2) [potion of mutation]
  3567 | D:3      | Found a runed door.
  3688 | D:3      | Noticed Crazy Yiuf
  3697 | D:3      | Killed Crazy Yiuf
  3932 | D:3      | Killed Ijyb
  3967 | D:4      | Reached XP level 7. HP: 59/61 MP: 9/9
  4094 | D:4      | Found Zellol's Jewellery Shoppe.
  4161 | D:4      | Noticed a hungry ghost
  4167 | D:4      | Killed a hungry ghost
  4225 | D:4      | Noticed a hungry ghost
  4259 | D:4      | Paralysed by fainting for 12 turns
  4293 | D:4      | Killed a hungry ghost
  4293 | D:4      | Reached *** piety under Demigod
  4293 | D:4      | Reached skill level 5 in Long Blades
  4388 | D:4      | Reached skill level 5 in Armour
  4571 | D:4      | Reached XP level 8. HP: 65/68 MP: 10/10
  4841 | D:5      | Entered Level 5 of the Dungeon
  4848 | D:5      | Lost mutation: Your body sometimes deteriorates upon taking
                  | damage. [potion of mutation]
  4848 | D:5      | Lost mutation: You are dopey. (Int -2) [potion of mutation]
  4848 | D:5      | Lost mutation: You have large cloven feet. [potion of
                  | mutation]
  4848 | D:5      | Lost mutation: You are partially covered in icy blue
                  | scales. (AC +2) [potion of mutation]
  4848 | D:5      | Gained mutation: You have a pair of small horns on your
                  | head. [potion of mutation]
  4848 | D:5      | Gained mutation: Your mind is acute. (Int +2) [potion of
                  | mutation]
  4848 | D:5      | Gained mutation: You are resistant to electric shocks.
                  | (rElec) [potion of mutation]
  4934 | D:5      | Got a steaming dagger
  4935 | D:5      | Identified the +9 dagger "Noer Gast" {elec, MR+ Dex+2} (You
                  | found it on level 5 of the Dungeon)
  5035 | D:5      | Found Alamess's Book Emporium.
  5168 | D:5      | Noticed Eustachio
  5182 | D:5      | Killed Eustachio
  5440 | D:6      | Found a staircase to the Ecumenical Temple.
  5519 | D:6      | Found a basalt altar of Yredelemnul.
  5726 | D:6      | Found a sacrificial altar of Ru.
  5862 | D:6      | Reached skill level 1 in Invocations
  6332 | D:7      | Reached XP level 9. HP: 63/74 MP: 14/14
  6338 | D:7      | Reached **** piety under Demigod
  6546 | D:7      | Noticed Pikel
  6564 | D:7      | Killed Pikel
  7525 | D:8      | Noticed a two-headed ogre
  7538 | D:8      | Killed a two-headed ogre
  7538 | D:8      | Reached skill level 10 in Long Blades
  7538 | D:8      | Reached XP level 10. HP: 20/81 MP: 18/20
  8291 | D:8      | Found a staircase to the Lair.
  8326 | D:8      | Reached skill level 10 in Invocations
  8345 | D:8      | Reached ***** piety under Demigod
  9052 | D:8      | Noticed an obsidian statue
  9318 | D:9      | Noticed a green ugly thing
  9776 | D:9      | Found a corrupted altar of Lugonu.
  9904 | D:9      | Found an opulent altar of Gozag.
  9965 | D:9      | Killed a green ugly thing
  9965 | D:9      | Reached XP level 11. HP: 26/86 MP: 22/22
 10915 | D:10     | Entered Level 10 of the Dungeon
 11432 | D:10     | Noticed a red ugly thing
 11444 | D:10     | Killed a red ugly thing
 11467 | D:10     | Identified the +4 halberd "Bigam" {drain, rF+++ Str-4
                  | Int+5}
 11485 | D:10     | Found a staircase to the Orcish Mines.
 11524 | D:10     | Noticed a cyan ugly thing
 11699 | D:10     | Killed a cyan ugly thing
 11983 | D:10     | Noticed a catoblepas
 11985 | D:10     | Noticed a centaur warrior
 12028 | D:10     | Killed a centaur warrior
 12044 | D:10     | Killed a catoblepas
 13071 | D:11     | Noticed a skeletal warrior
 13071 | D:11     | Noticed a phantasmal warrior
 13071 | D:11     | Noticed a skeletal warrior
 13094 | D:11     | Slain by a phantasmal warrior

Skill      XL: |  1  2  3  4  5  6  7  8  9 10 11 |
---------------+----------------------------------+-----
Long Blades    | 2 3 4 5 8 10 12 13 | 13.4
Armour         | 1 2 3 5 |  5.0
Fighting       | 4 5 |  5.0
Invocations    | 3 8 10 13 | 13.2
Maces & Flails | |  1.0
Stealth        | |  3.0

Action                   |  1- 3 |  4- 6 |  7- 9 | 10-12 || total
-------------------------+-------+-------+-------+-------++-------
Melee: Falchion          |   113 |   192 |       |       ||   305
       Kick              |       |    62 |    26 |       ||    88
       Quarterstaff      |       |     8 |   111 |       ||   119
       Unarmed           |       |     8 |       |       ||     8
       Dagger            |       |       |   171 |   548 ||   719
       Headbutt          |       |       |    37 |   152 ||   189
 Abil: Evoke Flight      |       |       |       |     1 ||     1
Evoke: Wand              |       |       |       |     8 ||     8
  Use: Scroll            |     4 |     4 |     6 |     6 ||    20
       Potion            |     2 |     1 |     1 |       ||     4
 Stab: Sleeping          |     3 |     3 |     4 |       ||    10
       Paralysed         |       |       |     3 |       ||     3
       Confused          |       |       |     1 |       ||     1
       Distracted        |       |       |       |     2 ||     2
  Eat: Chunk             |     3 |     7 |    16 |    14 ||    40
       Ration            |       |       |     4 |     2 ||     6
Armor: Robe              |     6 |       |       |       ||     6
       Ring mail         |    42 |    94 |   109 |       ||   245
       Skin              |     8 |       |       |       ||     8
       Leather armour    |       |       |    48 |   116 ||   164
       Troll leather arm |       |       |       |    22 ||    22
Dodge: Dodged            |    94 |   132 |   123 |   192 ||   541
Block: Other             |       |     1 |       |       ||     1
